Blackdemons vs High Goats
(R2)
Created - 15 avril 2013 at 19:49
Goals
|
| Blackdemons |
1 |
1 |
2 |
4 |
| High Goats |
1 |
1 |
0 |
2 |
|
Shots
|
| Blackdemons |
8 |
6 |
14 |
28 |
| High Goats |
8 |
13 |
4 |
25 |
|
1st period
1. High Goats , Chris Stewart 41 (Jesse Winchester, Antti Laaksonen) at 2:12
2. Blackdemons , Steve Konowalchuk 13 (Barry Tallackson, Mathieu Biron) at 3:50
Penalties :
Tomas Kopecky (MJM) for Hooking (Minor) at 18:10
2nd period
3. High Goats , Brendon Segal 18 (Petteri Wirtanen, Sami Lepisto) at 13:33
4. Blackdemons , Enver Lisin 37 (Michael Peca) at 16:09
Penalties :
Frederic St-Denis (Buc) for High sticking (Minor) at 1:36, Raphael Diaz (MJM) for High sticking (Double Minor) at 8:49, Enver Lisin (MJM) for Roughing (Minor) at 13:46
3rd period
5. Blackdemons , Michael Peca 22 (Enver Lisin, Radoslav Suchy) at 12:25
6. Blackdemons , Michael Peca 23 (Steve Konowalchuk, Tomas Kopecky) at 19:51 (Empty Net)
Penalties :
Michael Peca (MJM) for Interference (Minor) at 1:14, James Neal (MJM) for Tripping (Minor) at 5:35, Antti Laaksonen (Buc) for Hooking (Minor) at 15:38, James Neal (MJM) for Hooking (Minor) at 15:38
Goalie Stats
Michal Neuvirth (MJM), 23 saves from 25 shots - (0,920), W, 20-20-5, 60:00 minutes
Jean-Sébastien Aubin (Buc), 24 saves from 27 shots - (0,889), L, 8-6-2, 59:35 minutes
Players Stats for Blackdemons
Player Name G A P +/- PIM S H SB GA TA FO MP PP MP PK MP
------------------------------------------------------------------------------------
Barry Tallackson 0 1 1 1 0 2 1 0 1 0 0/1 14:38 0:00 2:18
Curtis Glencross 0 0 0 0 0 7 2 0 0 0 2/2 18:37 0:48 2:53
Enver Lisin 1 1 2 0 2 4 1 0 1 0 0/1 20:27 1:11 2:33
Jakub Kindl 0 0 0 2 0 0 0 0 0 0 0/0 10:20 0:00 0:00
James Neal 0 0 0 0 4 3 2 0 0 0 1/1 17:15 1:11 0:29
Ladislav Smid 0 0 0 1 0 0 1 1 0 0 0/0 19:31 0:00 5:54
Marc-André Cliche 0 0 0 0 0 0 0 0 0 1 2/6 6:34 0:00 0:00
Mathieu Biron 0 1 1 0 0 0 0 0 0 0 0/0 16:48 0:42 5:54
Matt Hunwick 0 0 0 0 0 0 1 1 0 0 0/0 10:35 0:00 0:00
Michael Peca 2 1 3 2 2 5 1 2 0 1 14/20 19:06 0:00 1:45
Nathan Paetsch 0 0 0 0 0 1 2 1 1 1 0/0 20:39 1:17 6:01
Peter Harrold 0 0 0 0 0 0 1 1 0 0 0/0 9:01 0:00 0:00
Radoslav Suchy 0 1 1 1 0 1 1 0 0 1 0/0 20:34 1:17 6:01
Raphael Diaz 0 0 0 0 4 2 2 0 0 1 0/0 13:05 0:42 0:00
Sam Gagner 0 0 0 -1 0 0 2 0 0 0 3/9 14:01 1:11 1:39
Steve Konowalchuk 1 1 2 2 0 1 1 0 0 0 5/11 19:00 0:00 6:41
Tomas Kopecky 0 1 1 1 2 1 0 1 0 2 0/2 22:03 0:48 5:32
Zack Hamill 0 0 0 1 0 1 1 0 0 0 3/5 13:46 0:48 0:00
Players Stats for High Goats
Player Name G A P +/- PIM S H SB GA TA FO MP PP MP PK MP
------------------------------------------------------------------------------------
Anton Stralman 0 0 0 -1 0 2 2 0 0 1 0/0 27:19 6:46 1:37
Antti Laaksonen 0 1 1 0 2 5 1 1 0 0 1/2 21:41 6:33 0:40
Arturs Kulda 0 0 0 -1 0 0 1 1 1 0 0/0 21:38 5:09 0:22
Brandon Bollig 0 0 0 -1 0 0 1 0 0 0 0/1 10:23 0:00 0:00
Brendon Segal 1 0 1 -1 0 3 0 1 0 1 0/2 9:40 0:08 0:00
Chris Stewart 1 0 1 0 0 3 1 0 1 0 2/2 23:36 6:33 1:18
Craig Weller 0 0 0 -1 0 0 2 0 0 0 1/1 11:32 0:08 0:28
Drayson Bowman 0 0 0 0 0 0 1 0 0 0 0/1 7:45 0:00 0:00
Frederic St-Denis 0 0 0 0 2 1 0 0 0 0 0/0 11:23 0:00 0:00
Jesse Winchester 0 1 1 1 0 4 2 2 1 0 9/24 21:23 5:14 1:15
Jiri Tlusty 0 0 0 -1 0 0 2 1 1 0 0/0 16:49 5:14 0:17
Joël Perrault 0 0 0 -1 0 1 3 0 0 0 12/20 17:56 6:33 0:00
Matt Taormina 0 0 0 0 0 0 3 0 0 1 0/0 11:03 0:00 0:00
Nick Bonino 0 0 0 -1 0 0 1 0 0 0 1/2 10:59 0:08 0:00
Pavel Brendl 0 0 0 -1 0 1 0 0 1 0 0/0 16:11 5:14 0:00
Petteri Wirtanen 0 1 1 0 0 0 0 0 0 0 2/3 7:45 0:00 0:00
Sami Lepisto 0 1 1 -1 0 5 5 1 1 0 0/0 27:19 6:46 1:37
Thomas Hickey 0 0 0 -1 0 0 0 1 1 0 0/0 21:38 5:09 0:22
3 Stars
1 - Michael Peca (MJM)
2 - Steve Konowalchuk (MJM)
3 - Enver Lisin (MJM)
Power Play
Blackdemons - 0 on 1 Attempt(s) - 0,00%
High Goats - 0 on 6 Attempt(s) - 0,00%
Penalty Kill
Blackdemons - 6 on 6 Attempt(s) - 100,00%
- Score 0 goal in Penalty Kill
High Goats - 1 on 1 Attempt(s) - 100,00%
- Score 0 goal in Penalty Kill
Official
Referees : Kimmerly Greg and Joannette Marc
Linesman : Jonny Murray and Thor Nelson
Game Notes
Michael Peca has scored in a empty net!
Blackdemons
5 vs 5 Forward
Center Left Wing Right Wing Time % Phy DF OF
1 Michael Peca James Neal Enver Lisin 35 1 1 3
2 Sam Gagner Curtis Glencross Tomas Kopecky 25 1 1 3
3 Zack Hamill Steve Konowalchuk Barry Tallackson 20 1 1 3
4 Marc-André Cliche Curtis Glencross Tomas Kopecky 20 1 1 3
5 vs 5 Defense
Defense Defense Time % Phy DF OF
1 Radoslav Suchy Jakub Kindl 26 1 3 1
2 Matt Hunwick Nathan Paetsch 26 1 3 1
3 Raphael Diaz Ladislav Smid 26 1 3 1
4 Peter Harrold Mathieu Biron 22 1 3 1
PowerPlay Forward
Center Left Wing Right Wing Time % Phy DF OF
1 Sam Gagner James Neal Enver Lisin 65 0 1 4
2 Zack Hamill Curtis Glencross Tomas Kopecky 35 1 1 3
PowerPlay Defense
Defense Defense Time % Phy DF OF
1 Radoslav Suchy Nathan Paetsch 70 1 1 3
2 Raphael Diaz Mathieu Biron 30 1 2 2
Penalty Kill 4 Players Forward
Center Wing Time % Phy DF OF
1 Steve Konowalchuk Tomas Kopecky 65 1 4 0
2 Michael Peca Barry Tallackson 35 1 4 0
Penalty Kill 4 Players Defense
Defense Defense Time % Phy DF OF
1 Mathieu Biron Ladislav Smid 50 1 4 0
2 Radoslav Suchy Nathan Paetsch 50 1 3 1
Penalty Kill - 3 Players Forward
Forward Time % Phy DF OF
1 Steve Konowalchuk 65 0 5 0
2 Michael Peca 35 0 5 0
Penalty Kill - 3 Players Defense
Defense Defense Time % Phy DF OF
1 Mathieu Biron Ladislav Smid 50 1 4 0
2 Radoslav Suchy Nathan Paetsch 50 1 4 0
4 vs 4 Forward
Center Wing Time % Phy DF OF
1 Zack Hamill Enver Lisin 50 1 2 2
2 Michael Peca James Neal 50 1 2 2
4 vs 4 Defense
Defense Defense Time % Phy DF OF
1 Matt Hunwick Ladislav Smid 50 1 3 1
2 Radoslav Suchy Nathan Paetsch 50 1 2 2
Last Minutes Offensive
Center Left Wing Right Wing Defense Defense
Michael Peca James Neal Enver Lisin Radoslav Suchy Nathan Paetsch
Last Minutes Defensive
Center Left Wing Right Wing Defense Defense
Michael Peca Steve Konowalchuk Tomas Kopecky Radoslav Suchy Ladislav Smid
Goaltenders
Starting : Michal Neuvirth
Backup : Manny Fernandez
Extra Forwards
Normal : Sam Gagner, Zack Hamill, James Neal - PP : Michael Peca, Barry Tallackson - PK : Enver Lisin
Extra Defensemen
Normal : Ladislav Smid, Radoslav Suchy, Nathan Paetsch - PP : Mathieu Biron - PK : Matt Hunwick, Jakub Kindl
Penalty Shots
Curtis Glencross, Enver Lisin, James Neal, Tomas Kopecky, Michael Peca
High Goats
5 vs 5 Forward
Center Left Wing Right Wing Time % Phy DF OF
1 Jesse Winchester Antti Laaksonen Chris Stewart 40 1 2 2
2 Joël Perrault Jiri Tlusty Pavel Brendl 30 1 2 2
3 Nick Bonino Brandon Bollig Craig Weller 20 1 2 2
4 Petteri Wirtanen Drayson Bowman Brendon Segal 10 1 2 2
5 vs 5 Defense
Defense Defense Time % Phy DF OF
1 Sami Lepisto Anton Stralman 40 1 2 2
2 Thomas Hickey Arturs Kulda 30 1 2 2
3 Frederic St-Denis Matt Taormina 20 1 2 2
4 Sami Lepisto Anton Stralman 10 1 2 2
PowerPlay Forward
Center Left Wing Right Wing Time % Phy DF OF
1 Joël Perrault Antti Laaksonen Chris Stewart 60 1 2 2
2 Jesse Winchester Jiri Tlusty Pavel Brendl 40 1 2 2
PowerPlay Defense
Defense Defense Time % Phy DF OF
1 Sami Lepisto Anton Stralman 60 1 2 2
2 Thomas Hickey Arturs Kulda 40 1 2 2
Penalty Kill 4 Players Forward
Center Wing Time % Phy DF OF
1 Jesse Winchester Chris Stewart 60 1 2 2
2 Antti Laaksonen Craig Weller 40 1 2 2
Penalty Kill 4 Players Defense
Defense Defense Time % Phy DF OF
1 Sami Lepisto Anton Stralman 60 1 2 2
2 Frederic St-Denis Arturs Kulda 40 1 2 2
Penalty Kill - 3 Players Forward
Forward Time % Phy DF OF
1 Pavel Brendl 60 1 2 2
2 Chris Stewart 40 1 2 2
Penalty Kill - 3 Players Defense
Defense Defense Time % Phy DF OF
1 Sami Lepisto Anton Stralman 60 1 2 2
2 Frederic St-Denis Arturs Kulda 40 1 2 2
4 vs 4 Forward
Center Wing Time % Phy DF OF
1 Jesse Winchester Chris Stewart 60 1 2 2
2 Joël Perrault Craig Weller 40 1 2 2
4 vs 4 Defense
Defense Defense Time % Phy DF OF
1 Sami Lepisto Anton Stralman 60 1 2 2
2 Thomas Hickey Arturs Kulda 40 1 2 2
Last Minutes Offensive
Center Left Wing Right Wing Defense Defense
Jesse Winchester Antti Laaksonen Chris Stewart Sami Lepisto Anton Stralman
Last Minutes Defensive
Center Left Wing Right Wing Defense Defense
Jesse Winchester Antti Laaksonen Chris Stewart Sami Lepisto Anton Stralman
Goaltenders
Starting : Jean-Sébastien Aubin
Backup : Al Montoya
Extra Forwards
Normal : Brendon Segal, Nick Bonino, Jiri Tlusty - PP : Brendon Segal, Nick Bonino - PK : Jiri Tlusty
Extra Defensemen
Normal : Frederic St-Denis, Thomas Hickey, Matt Taormina - PP : Frederic St-Denis - PK : Thomas Hickey, Matt Taormina
Penalty Shots
Pavel Brendl, Chris Stewart, Antti Laaksonen, Craig Weller, Joël Perrault
% Time on Ice - Blackdemons
Lines # - Real PCT - Wanted PCT - Time Play
Normal Forward
1 - 36% - 35% - 15:41
2 - 22% - 25% - 9:36
3 - 26% - 20% - 11:10
4 - 15% - 20% - 6:34
Normal Defense
1 - 25% - 26% - 10:38
2 - 28% - 26% - 11:52
3 - 27% - 26% - 11:30
4 - 21% - 22% - 9:01
PP Forward
1 - 60% - 65% - 1:11
2 - 40% - 35% - 0:48
PP Defense
1 - 65% - 70% - 1:17
2 - 35% - 30% - 0:42
PK Forward
1 - 81% - 65% - 9:37
2 - 19% - 35% - 2:18
PK Defense
1 - 50% - 50% - 5:54
2 - 50% - 50% - 6:01
PK3 Forward
1 - 0% - 65%
2 - 0% - 35%
PK3 Defense
1 - 0% - 50%
2 - 0% - 50%
44 Forward
1 - 50% - 50% - 1:00
2 - 50% - 50% - 0:59
44 Defense
1 - 36% - 50% - 0:43
2 - 64% - 50% - 1:16
Last Minute Offensive - 0:00
Last Minute Defensive - 1:06
Total
Forward - 60:00
Defense - 60:00
|
% Time on Ice - High Goats
Lines # - Real PCT - Wanted PCT - Time Play
Normal Forward
1 - 32% - 40% - 13:43
2 - 26% - 30% - 11:09
3 - 24% - 20% - 10:23
4 - 18% - 10% - 7:45
Normal Defense
1 - 37% - 40% - 15:42
2 - 35% - 30% - 15:05
3 - 26% - 20% - 11:03
4 - 3% - 10% - 1:10
PP Forward
1 - 55% - 60% - 6:33
2 - 45% - 40% - 5:22
PP Defense
1 - 57% - 60% - 6:46
2 - 43% - 40% - 5:09
PK Forward
1 - 76% - 60% - 1:31
2 - 24% - 40% - 0:28
PK Defense
1 - 82% - 60% - 1:37
2 - 18% - 40% - 0:22
PK3 Forward
1 - 0% - 60%
2 - 0% - 40%
PK3 Defense
1 - 0% - 60%
2 - 0% - 40%
44 Forward
1 - 82% - 60% - 1:38
2 - 18% - 40% - 0:21
44 Defense
1 - 48% - 60% - 0:57
2 - 52% - 40% - 1:02
Last Minute Offensive - 1:07
Last Minute Defensive - 0:00
Total
Forward - 60:00
Defense - 60:00
|
Play by Play
1st period
0:01 of 1st period - Michael Peca wins face-off versus Jesse Winchester in neutral zone.
0:56 of 1st period - Slapshot by Steve Konowalchuk.
0:56 of 1st period - Shot Misses the Net.
1:12 of 1st period - Snap shot by Brendon Segal.
1:12 of 1st period - Shot Misses the Net.
1:26 of 1st period - Backhand shot by Drayson Bowman.
1:26 of 1st period - Shot Blocked by Michael Peca.
1:42 of 1st period - Wrist shot by Barry Tallackson.
1:42 of 1st period - Stopped by Jean-Sébastien Aubin with a rebound.
1:55 of 1st period - Off-side.
1:56 of 1st period - Curtis Glencross wins face-off versus Jesse Winchester in neutral zone.
1:59 of 1st period - Antti Laaksonen is hit by Peter Harrold and loses puck.
2:12 of 1st period - Snap shot by Chris Stewart.
2:12 of 1st period - Goal by Chris Stewart - Blackdemons : 0 - High Goats : 1.
2:13 of 1st period - Nick Bonino wins face-off versus Tomas Kopecky in neutral zone.
2:23 of 1st period - Off-side.
2:24 of 1st period - Joël Perrault wins face-off versus Michael Peca in neutral zone.
2:27 of 1st period - Slapshot by Sami Lepisto.
2:27 of 1st period - Stopped by Michal Neuvirth with a rebound.
2:29 of 1st period - Slapshot by Anton Stralman.
2:29 of 1st period - Shot Blocked by Michael Peca.
2:55 of 1st period - Icing by James Neal.
2:56 of 1st period - Michael Peca wins face-off versus Jesse Winchester in Blackdemons zone.
3:50 of 1st period - Wrist shot by Steve Konowalchuk.
3:50 of 1st period - Goal by Steve Konowalchuk - Blackdemons : 1 - High Goats : 1.
3:51 of 1st period - Chris Stewart wins face-off versus Marc-André Cliche in neutral zone.
5:00 of 1st period - Slapshot by Tomas Kopecky.
5:00 of 1st period - Shot Misses the Net.
5:06 of 1st period - Wrist shot by Curtis Glencross.
5:06 of 1st period - Stopped by Jean-Sébastien Aubin with a rebound.
5:20 of 1st period - Thomas Hickey is hit by Ladislav Smid and loses puck.
6:12 of 1st period - Curtis Glencross is hit by Brandon Bollig and loses puck.
6:50 of 1st period - Wrist shot by Antti Laaksonen.
6:50 of 1st period - Stopped by Michal Neuvirth with a rebound.
6:52 of 1st period - Snap shot by Chris Stewart.
6:52 of 1st period - Stopped by Michal Neuvirth with a rebound.
7:02 of 1st period - Snap shot by Enver Lisin.
7:02 of 1st period - Shot Blocked by Brendon Segal.
7:41 of 1st period - Off-side.
7:42 of 1st period - Antti Laaksonen wins face-off versus Barry Tallackson in neutral zone.
7:56 of 1st period - Snap shot by Jesse Winchester.
7:56 of 1st period - Stopped by Michal Neuvirth without a rebound.
7:57 of 1st period - Joël Perrault wins face-off versus Sam Gagner in Blackdemons zone.
8:05 of 1st period - Off-side.
8:06 of 1st period - Joël Perrault wins face-off versus Sam Gagner in neutral zone.
8:09 of 1st period - Snap shot by Curtis Glencross.
8:09 of 1st period - Stopped by Jean-Sébastien Aubin without a rebound.
8:10 of 1st period - Marc-André Cliche wins face-off versus Jesse Winchester in High Goats zone.
8:17 of 1st period - Snap shot by Curtis Glencross.
8:17 of 1st period - Stopped by Jean-Sébastien Aubin without a rebound.
8:18 of 1st period - Jesse Winchester wins face-off versus Marc-André Cliche in High Goats zone.
9:00 of 1st period - Off-side.
9:01 of 1st period - Joël Perrault wins face-off versus Michael Peca in neutral zone.
9:43 of 1st period - Slapshot by Curtis Glencross.
9:43 of 1st period - Stopped by Jean-Sébastien Aubin with a rebound.
10:14 of 1st period - Jesse Winchester is hit by Barry Tallackson and loses puck.
10:29 of 1st period - Craig Weller is hit by Raphael Diaz and loses puck.
10:56 of 1st period - Snap shot by Brendon Segal.
10:56 of 1st period - Shot Misses the Net.
10:58 of 1st period - Wrist shot by Brendon Segal.
10:58 of 1st period - Shot Misses the Net.
13:48 of 1st period - Enver Lisin is hit by Chris Stewart and loses puck.
14:07 of 1st period - Snap shot by Drayson Bowman.
14:07 of 1st period - Shot Misses the Net.
14:09 of 1st period - Slapshot by Frederic St-Denis.
14:09 of 1st period - Deflect By Pavel Brendl.
14:09 of 1st period - Shot Misses the Net.
14:09 of 1st period - Puck is out of play.
14:10 of 1st period - Joël Perrault wins face-off versus Marc-André Cliche in Blackdemons zone.
14:11 of 1st period - Wrist shot by Pavel Brendl.
14:11 of 1st period - Shot Misses the Net.
14:13 of 1st period - Slapshot by Matt Taormina.
14:13 of 1st period - Shot Blocked by Peter Harrold.
14:20 of 1st period - Off-side.
14:21 of 1st period - Sam Gagner wins face-off versus Antti Laaksonen in neutral zone.
14:34 of 1st period - Snap shot by Antti Laaksonen.
14:34 of 1st period - Stopped by Michal Neuvirth with a rebound.
14:36 of 1st period - Slapshot by Frederic St-Denis.
14:36 of 1st period - Stopped by Michal Neuvirth with a rebound.
14:46 of 1st period - Matt Hunwick is hit by Matt Taormina and loses puck.
14:55 of 1st period - Snap shot by Joël Perrault.
14:55 of 1st period - Shot Misses the Net.
15:45 of 1st period - Wrist shot by Chris Stewart.
15:45 of 1st period - Stopped by Michal Neuvirth with a rebound.
16:14 of 1st period - Off-side.
16:15 of 1st period - Curtis Glencross wins face-off versus Joël Perrault in neutral zone.
16:18 of 1st period - Snap shot by Curtis Glencross.
16:18 of 1st period - Stopped by Jean-Sébastien Aubin without a rebound.
16:19 of 1st period - Joël Perrault wins face-off versus Sam Gagner in High Goats zone.
16:49 of 1st period - Snap shot by Enver Lisin.
16:49 of 1st period - Stopped by Jean-Sébastien Aubin with a rebound.
17:26 of 1st period - Tomas Kopecky is hit by Matt Taormina.
17:32 of 1st period - Wrist shot by Drayson Bowman.
17:32 of 1st period - Deflect By Brendon Segal.
17:32 of 1st period - Shot Misses the Net.
17:32 of 1st period - Puck is out of play.
17:33 of 1st period - Michael Peca wins face-off versus Jesse Winchester in Blackdemons zone.
17:49 of 1st period - Slapshot by Jesse Winchester.
17:49 of 1st period - Shot Misses the Net.
18:10 of 1st period - Minor Penalty to Tomas Kopecky for Hooking.
18:11 of 1st period - Joël Perrault wins face-off versus Steve Konowalchuk in Blackdemons zone.
18:14 of 1st period - Wrist shot by Joël Perrault.
18:14 of 1st period - Shot Misses the Net.
18:58 of 1st period - Nathan Paetsch is hit by Jiri Tlusty.
2nd period
0:01 of 2nd period - Joël Perrault wins face-off versus Steve Konowalchuk in neutral zone.
0:08 of 2nd period - Slapshot by Sami Lepisto.
0:08 of 2nd period - Stopped by Michal Neuvirth without a rebound.
0:09 of 2nd period - Joël Perrault wins face-off versus Steve Konowalchuk in Blackdemons zone.
0:10 of 2nd period - Penalty to Tomas Kopecky is over, Tomas Kopecky is back on ice.
0:10 of 2nd period - Wrist shot by Antti Laaksonen.
0:10 of 2nd period - Stopped by Michal Neuvirth without a rebound.
0:11 of 2nd period - Jesse Winchester wins face-off versus Tomas Kopecky in Blackdemons zone.
0:18 of 2nd period - Snap shot by Jesse Winchester.
0:18 of 2nd period - Shot Misses the Net.
0:20 of 2nd period - Slapshot by Antti Laaksonen.
0:20 of 2nd period - Shot Misses the Net.
0:22 of 2nd period - Wrist shot by Antti Laaksonen.
0:22 of 2nd period - Shot Misses the Net.
0:24 of 2nd period - Slapshot by Anton Stralman.
0:24 of 2nd period - Shot Blocked by Ladislav Smid.
0:26 of 2nd period - Snap shot by Anton Stralman.
0:26 of 2nd period - Stopped by Michal Neuvirth with a rebound.
0:58 of 2nd period - Snap shot by Brendon Segal.
0:58 of 2nd period - Stopped by Michal Neuvirth without a rebound.
0:59 of 2nd period - Michael Peca wins face-off versus Drayson Bowman in Blackdemons zone.
1:12 of 2nd period - Snap shot by Petteri Wirtanen.
1:12 of 2nd period - Shot Misses the Net.
1:36 of 2nd period - Minor Penalty to Frederic St-Denis for High sticking.
1:37 of 2nd period - Jesse Winchester wins face-off versus Sam Gagner in High Goats zone.
1:47 of 2nd period - Slapshot by Radoslav Suchy.
1:47 of 2nd period - Stopped by Jean-Sébastien Aubin without a rebound.
1:48 of 2nd period - Sam Gagner wins face-off versus Jesse Winchester in High Goats zone.
2:30 of 2nd period - Slapshot by Curtis Glencross.
2:30 of 2nd period - Stopped by Jean-Sébastien Aubin without a rebound.
2:31 of 2nd period - Jesse Winchester wins face-off versus Sam Gagner in High Goats zone.
2:57 of 2nd period - Curtis Glencross is hit by Sami Lepisto and loses puck.
3:36 of 2nd period - Penalty to Frederic St-Denis is over, Frederic St-Denis is back on ice.
4:07 of 2nd period - Off-side.
4:08 of 2nd period - Marc-André Cliche wins face-off versus Petteri Wirtanen in neutral zone.
4:21 of 2nd period - Snap shot by Petteri Wirtanen.
4:21 of 2nd period - Deflect By Brendon Segal.
4:21 of 2nd period - Stopped by Michal Neuvirth with a rebound.
4:35 of 2nd period - Enver Lisin is hit by Nick Bonino and loses puck.
6:04 of 2nd period - Mathieu Biron is hit by Sami Lepisto and loses puck.
7:45 of 2nd period - Sam Gagner is hit by Joël Perrault and loses puck.
8:08 of 2nd period - Slapshot by Sami Lepisto.
8:08 of 2nd period - Stopped by Michal Neuvirth with a rebound.
8:49 of 2nd period - Double Minor Penalty to Raphael Diaz for High sticking.
8:50 of 2nd period - Joël Perrault wins face-off versus Steve Konowalchuk in Blackdemons zone.
8:51 of 2nd period - Snap shot by Antti Laaksonen.
8:51 of 2nd period - Shot Misses the Net.
8:53 of 2nd period - Wrist shot by Arturs Kulda.
8:53 of 2nd period - Shot Blocked by Tomas Kopecky.
8:55 of 2nd period - Snap shot by Joël Perrault.
8:55 of 2nd period - Shot Misses the Net.
8:57 of 2nd period - Slapshot by Chris Stewart.
8:57 of 2nd period - Shot Misses the Net.
8:59 of 2nd period - Snap shot by Antti Laaksonen.
8:59 of 2nd period - Stopped by Michal Neuvirth without a rebound.
9:00 of 2nd period - Steve Konowalchuk wins face-off versus Joël Perrault in Blackdemons zone.
9:49 of 2nd period - Snap shot by Jesse Winchester.
9:49 of 2nd period - Stopped by Michal Neuvirth without a rebound.
9:50 of 2nd period - Steve Konowalchuk wins face-off versus Jesse Winchester in Blackdemons zone.
10:05 of 2nd period - Snap shot by Jesse Winchester.
10:05 of 2nd period - Stopped by Michal Neuvirth without a rebound.
10:06 of 2nd period - Joël Perrault wins face-off versus Steve Konowalchuk in Blackdemons zone.
10:32 of 2nd period - Icing by Sami Lepisto.
10:33 of 2nd period - Jesse Winchester wins face-off versus Enver Lisin in High Goats zone.
10:38 of 2nd period - Slapshot by Sami Lepisto.
10:38 of 2nd period - Stopped by Michal Neuvirth without a rebound.
10:39 of 2nd period - Chris Stewart wins face-off versus Steve Konowalchuk in Blackdemons zone.
10:46 of 2nd period - Snap shot by Antti Laaksonen.
10:46 of 2nd period - Stopped by Michal Neuvirth with a rebound.
11:12 of 2nd period - Wrist shot by Pavel Brendl.
11:12 of 2nd period - Stopped by Michal Neuvirth with a rebound.
12:19 of 2nd period - Sami Lepisto is hit by Sam Gagner and loses puck.
12:34 of 2nd period - Arturs Kulda is hit by Nathan Paetsch and loses puck.
12:49 of 2nd period - Penalty to Raphael Diaz is over, Raphael Diaz is back on ice.
13:27 of 2nd period - Off-side.
13:28 of 2nd period - Petteri Wirtanen wins face-off versus Sam Gagner in neutral zone.
13:31 of 2nd period - Slapshot by Sami Lepisto.
13:31 of 2nd period - Shot Blocked by Nathan Paetsch.
13:33 of 2nd period - Snap shot by Petteri Wirtanen.
13:33 of 2nd period - Deflect By Brendon Segal.
13:33 of 2nd period - Goal by Brendon Segal - Blackdemons : 1 - High Goats : 2.
13:34 of 2nd period - Jesse Winchester wins face-off versus Michael Peca in neutral zone.
13:34 of 2nd period - Jesse Winchester is hit by Michael Peca.
13:38 of 2nd period - Wrist shot by Chris Stewart.
13:38 of 2nd period - Deflect By Jesse Winchester.
13:38 of 2nd period - Shot Misses the Net.
13:38 of 2nd period - Puck is out of play.
13:39 of 2nd period - Michael Peca wins face-off versus Jesse Winchester in Blackdemons zone.
13:39 of 2nd period - Michael Peca is hit by Anton Stralman.
13:46 of 2nd period - Minor Penalty to Enver Lisin for Roughing.
13:47 of 2nd period - Steve Konowalchuk wins face-off versus Joël Perrault in Blackdemons zone.
13:47 of 2nd period - Steve Konowalchuk is hit by Antti Laaksonen.
14:13 of 2nd period - Nathan Paetsch is hit by Jesse Winchester.
14:19 of 2nd period - Slapshot by Jesse Winchester.
14:19 of 2nd period - Shot Misses the Net.
15:46 of 2nd period - Penalty to Enver Lisin is over, Enver Lisin is back on ice.
15:59 of 2nd period - Wrist shot by Enver Lisin.
15:59 of 2nd period - Deflect By James Neal.
15:59 of 2nd period - Shot Blocked by Arturs Kulda.
15:59 of 2nd period - Puck is out of play.
16:00 of 2nd period - Michael Peca wins face-off versus Brandon Bollig in High Goats zone.
16:01 of 2nd period - Snap shot by Enver Lisin.
16:01 of 2nd period - Stopped by Jean-Sébastien Aubin with a rebound.
16:09 of 2nd period - Wrist shot by Enver Lisin.
16:09 of 2nd period - Goal by Enver Lisin - Blackdemons : 2 - High Goats : 2.
16:10 of 2nd period - James Neal wins face-off versus Jesse Winchester in neutral zone.
16:29 of 2nd period - Antti Laaksonen is hit by James Neal and loses puck.
16:46 of 2nd period - Wrist shot by Barry Tallackson.
16:46 of 2nd period - Shot Misses the Net.
16:48 of 2nd period - Slapshot by Raphael Diaz.
16:48 of 2nd period - Stopped by Jean-Sébastien Aubin with a rebound.
16:50 of 2nd period - Wrist shot by Zack Hamill.
16:50 of 2nd period - Stopped by Jean-Sébastien Aubin with a rebound.
16:52 of 2nd period - Backhand shot by Raphael Diaz.
16:52 of 2nd period - Shot Misses the Net.
17:02 of 2nd period - Tomas Kopecky is hit by Jiri Tlusty and loses puck.
18:01 of 2nd period - Peter Harrold is hit by Arturs Kulda and loses puck.
18:20 of 2nd period - Wrist shot by Craig Weller.
18:20 of 2nd period - Shot Misses the Net.
18:51 of 2nd period - Wrist shot by Enver Lisin.
18:51 of 2nd period - Shot Misses the Net.
19:03 of 2nd period - Ladislav Smid is hit by Craig Weller and loses puck.
19:22 of 2nd period - Raphael Diaz is hit by Drayson Bowman and loses puck.
3rd period
0:01 of 3rd period - Michael Peca wins face-off versus Jesse Winchester in neutral zone.
0:08 of 3rd period - Snap shot by Michael Peca.
0:08 of 3rd period - Stopped by Jean-Sébastien Aubin with a rebound.
0:10 of 3rd period - Wrist shot by James Neal.
0:10 of 3rd period - Shot Misses the Net.
0:12 of 3rd period - Snap shot by Ladislav Smid.
0:12 of 3rd period - Shot Misses the Net.
0:14 of 3rd period - Slapshot by Ladislav Smid.
0:14 of 3rd period - Shot Blocked by Antti Laaksonen.
0:16 of 3rd period - Slapshot by Raphael Diaz.
0:16 of 3rd period - Stopped by Jean-Sébastien Aubin with a rebound.
0:38 of 3rd period - Off-side.
0:39 of 3rd period - Zack Hamill wins face-off versus Jesse Winchester in neutral zone.
0:52 of 3rd period - Slapshot by Thomas Hickey.
0:52 of 3rd period - Shot Blocked by Matt Hunwick.
0:54 of 3rd period - Backhand shot by Chris Stewart.
0:54 of 3rd period - Shot Misses the Net.
1:04 of 3rd period - Arturs Kulda is hit by Enver Lisin and loses puck.
1:14 of 3rd period - Minor Penalty to Michael Peca for Interference.
1:15 of 3rd period - Steve Konowalchuk wins face-off versus Joël Perrault in Blackdemons zone.
1:44 of 3rd period - Mathieu Biron is hit by Sami Lepisto and loses puck.
3:14 of 3rd period - Penalty to Michael Peca is over, Michael Peca is back on ice.
4:03 of 3rd period - Nick Bonino is hit by Zack Hamill and loses puck.
4:20 of 3rd period - Brendon Segal is hit by Curtis Glencross.
4:38 of 3rd period - Thomas Hickey is hit by Nathan Paetsch and loses puck.
4:50 of 3rd period - Off-side.
4:51 of 3rd period - Craig Weller wins face-off versus Zack Hamill in neutral zone.
5:14 of 3rd period - Wrist shot by Tomas Kopecky.
5:14 of 3rd period - Shot Misses the Net.
5:16 of 3rd period - Slapshot by Tomas Kopecky.
5:16 of 3rd period - Stopped by Jean-Sébastien Aubin with a rebound.
5:18 of 3rd period - Slapshot by Peter Harrold.
5:18 of 3rd period - Shot Misses the Net.
5:35 of 3rd period - Minor Penalty to James Neal for Tripping.
5:36 of 3rd period - Steve Konowalchuk wins face-off versus Joël Perrault in Blackdemons zone.
6:11 of 3rd period - Off-side.
6:12 of 3rd period - Joël Perrault wins face-off versus Michael Peca in neutral zone.
6:15 of 3rd period - Wrist shot by Antti Laaksonen.
6:15 of 3rd period - Shot Misses the Net.
6:49 of 3rd period - Radoslav Suchy is hit by Jesse Winchester and loses puck.
7:30 of 3rd period - Enver Lisin is hit by Joël Perrault and loses puck.
7:35 of 3rd period - Penalty to James Neal is over, James Neal is back on ice.
8:20 of 3rd period - Joël Perrault is hit by Matt Hunwick and loses puck.
8:59 of 3rd period - Brandon Bollig is hit by Sam Gagner and loses puck.
9:22 of 3rd period - Wrist shot by Joël Perrault.
9:22 of 3rd period - Stopped by Michal Neuvirth without a rebound.
9:23 of 3rd period - Michael Peca wins face-off versus Joël Perrault in Blackdemons zone.
9:55 of 3rd period - Snap shot by Barry Tallackson.
9:55 of 3rd period - Stopped by Jean-Sébastien Aubin without a rebound.
9:56 of 3rd period - Jesse Winchester wins face-off versus Michael Peca in High Goats zone.
10:21 of 3rd period - Sam Gagner is hit by Sami Lepisto and loses puck.
10:30 of 3rd period - Sam Gagner is hit by Matt Taormina and loses puck.
10:36 of 3rd period - Matt Taormina is hit by Raphael Diaz.
10:50 of 3rd period - Slapshot by Jesse Winchester.
10:50 of 3rd period - Shot Misses the Net.
11:10 of 3rd period - Wrist shot by Michael Peca.
11:10 of 3rd period - Stopped by Jean-Sébastien Aubin without a rebound.
11:11 of 3rd period - Michael Peca wins face-off versus Joël Perrault in High Goats zone.
11:16 of 3rd period - Slapshot by Enver Lisin.
11:16 of 3rd period - Deflect By James Neal.
11:16 of 3rd period - Stopped by Jean-Sébastien Aubin with a rebound.
11:36 of 3rd period - Sam Gagner is hit by Anton Stralman and loses puck.
12:25 of 3rd period - Snap shot by Michael Peca.
12:25 of 3rd period - Goal by Michael Peca - Blackdemons : 3 - High Goats : 2.
12:26 of 3rd period - Michael Peca wins face-off versus Joël Perrault in neutral zone.
12:39 of 3rd period - Backhand shot by Enver Lisin.
12:39 of 3rd period - Shot Blocked by Jiri Tlusty.
12:51 of 3rd period - Jiri Tlusty is hit by Steve Konowalchuk and loses puck.
12:58 of 3rd period - Wrist shot by Zack Hamill.
12:58 of 3rd period - Shot Misses the Net.
13:00 of 3rd period - Snap shot by Raphael Diaz.
13:00 of 3rd period - Shot Blocked by Thomas Hickey.
13:20 of 3rd period - Arturs Kulda is hit by Curtis Glencross and loses puck.
14:03 of 3rd period - Icing by Petteri Wirtanen.
14:04 of 3rd period - Petteri Wirtanen wins face-off versus Marc-André Cliche in High Goats zone.
14:11 of 3rd period - Snap shot by Curtis Glencross.
14:11 of 3rd period - Stopped by Jean-Sébastien Aubin without a rebound.
14:12 of 3rd period - Michael Peca wins face-off versus Jesse Winchester in High Goats zone.
14:13 of 3rd period - Slapshot by James Neal.
14:13 of 3rd period - Stopped by Jean-Sébastien Aubin without a rebound.
14:14 of 3rd period - Michael Peca wins face-off versus Jesse Winchester in High Goats zone.
14:17 of 3rd period - Snap shot by Michael Peca.
14:17 of 3rd period - Shot Blocked by Sami Lepisto.
14:19 of 3rd period - Snap shot by James Neal.
14:19 of 3rd period - Stopped by Jean-Sébastien Aubin without a rebound.
14:20 of 3rd period - Jesse Winchester wins face-off versus Michael Peca in High Goats zone.
14:20 of 3rd period - Jesse Winchester is hit by James Neal.
15:17 of 3rd period - Wrist shot by Steve Konowalchuk.
15:17 of 3rd period - Shot Misses the Net.
15:35 of 3rd period - Snap shot by Michael Peca.
15:35 of 3rd period - Shot Blocked by Jesse Winchester.
15:38 of 3rd period - Minor Penalty to Antti Laaksonen for Hooking.
15:38 of 3rd period - Minor Penalty to James Neal for Hooking.
15:39 of 3rd period - Jesse Winchester wins face-off versus Zack Hamill in High Goats zone.
15:48 of 3rd period - Zack Hamill is hit by Sami Lepisto and loses puck.
15:55 of 3rd period - Snap shot by Jesse Winchester.
15:55 of 3rd period - Stopped by Michal Neuvirth without a rebound.
15:56 of 3rd period - Sam Gagner wins face-off versus Jesse Winchester in Blackdemons zone.
16:26 of 3rd period - Slapshot by Nathan Paetsch.
16:26 of 3rd period - Stopped by Jean-Sébastien Aubin without a rebound.
16:27 of 3rd period - Zack Hamill wins face-off versus Jesse Winchester in High Goats zone.
16:28 of 3rd period - Snap shot by Enver Lisin.
16:28 of 3rd period - Shot Blocked by Jesse Winchester.
16:52 of 3rd period - Matt Hunwick is hit by Joël Perrault.
17:03 of 3rd period - Nathan Paetsch is hit by Craig Weller and loses puck.
17:38 of 3rd period - Penalty to Antti Laaksonen is over, Antti Laaksonen is back on ice.
17:38 of 3rd period - Penalty to James Neal is over, James Neal is back on ice.
18:02 of 3rd period - Snap shot by Enver Lisin.
18:02 of 3rd period - Stopped by Jean-Sébastien Aubin with a rebound.
19:03 of 3rd period - Anton Stralman is hit by Radoslav Suchy.
19:07 of 3rd period - Slapshot by Michael Peca.
19:07 of 3rd period - Stopped by Jean-Sébastien Aubin with a rebound.
19:18 of 3rd period - Off-side.
19:19 of 3rd period - Andy Murray call a timeout for High Goats.
19:19 of 3rd period - Michael Peca wins face-off versus Brendon Segal in neutral zone.
19:26 of 3rd period - High Goats, Jean-Sébastien Aubin is pulled from the net.
19:37 of 3rd period - Snap shot by Sami Lepisto.
19:37 of 3rd period - Shot Misses the Net.
19:39 of 3rd period - Wrist shot by Sami Lepisto.
19:39 of 3rd period - Stopped by Michal Neuvirth with a rebound.
19:41 of 3rd period - Snap shot by Brendon Segal.
19:41 of 3rd period - Shot Misses the Net.
19:43 of 3rd period - Snap shot by Anton Stralman.
19:43 of 3rd period - Stopped by Michal Neuvirth without a rebound.
19:44 of 3rd period - Michael Peca wins face-off versus Brendon Segal in Blackdemons zone.
19:51 of 3rd period - Slapshot by Michael Peca.
19:51 of 3rd period - Goal by Michael Peca - Blackdemons : 4 - High Goats : 2.
19:51 of 3rd period - Jean-Sébastien Aubin from High Goats was sent back in the game.
19:52 of 3rd period - Zack Hamill wins face-off versus Nick Bonino in neutral zone.
Output by the SimonT Hockey Simulator (STHS) for François Prévost -- Original Page W3C XHTML 1.0 Valid